Map: Dreamcatcher LE

Players

MaSa - Winner!

  • Race: Terran Terran
  • Spawn Location: 11:00

lucifron

  • Race: Terran Terran
  • Spawn Location: 5:00

Event: WCS Valencia 2018

VOD

Have the link to the VOD?

Description

Time

  • Played on: July 12, 2018, 8:02 a.m.
  • Length: 4:53

All games in this series

Show
View Real Time Build Order
Export as new Build Order

MaSa Terran - Winner!

Build Orders: Banshee Rush 

Get SALT Encoding   

  12  0:00  SCV  
  13  0:12  SCV  
  14  0:17  Supply Depot  
  14  0:24  SCV  
  14  0:27  Refinery  
  15  0:38  SCV  
  16  0:44  Barracks  
  16  0:50  SCV  
  17  0:57  Refinery  
  17  1:02  SCV  
  18  1:15  SCV  
  19  1:31  Reaper, Orbital Command  
  20  1:41  Factory  
  20  1:51  Supply Depot  
  20  1:57  SCV  
  21  2:03  Reaper  
  22  2:09  SCV  
  23  2:21  Command Center  
  23  2:25  SCV  
  24  2:30  Hellion  
  26  2:37  SCV  
  26  2:41  Starport  
  27  2:44  Barracks Reactor  
  27  2:50  SCV  
  28  2:53  Factory Tech Lab  
  28  3:02  SCV  
  29  3:14  SCV  
  30  3:21  Factory Tech Lab  
  30  3:22  Cloaking Field, Refinery  
  30  3:26  SCV  
  31  3:33  Marine x2, Banshee  
  36  3:38  SCV  
  36  3:40  SCV  
  35  3:50  SCV  
  35  3:52  Marine x2, Siege Tank  
  35  3:53  Orbital Command  
  40  4:02  Supply Depot, SCV  
  41  4:12  Marine  
  41  4:14  SCV  
  41  4:15  Marine  
  44  4:22  Supply Depot  
  47  4:27  SCV  
  47  4:28  SCV  
  52  4:33  Engineering Bay  
  54  4:45  Supply Depot  
Show
View Real Time Build Order
Export as new Build Order

lucifron Terran 

Build Orders: Cyclone Opening 

Get SALT Encoding   

  12  0:00  SCV  
  13  0:13  Supply Depot  
  13  0:18  SCV  
  14  0:37  Barracks  
  14  0:43  Refinery  
  14  0:54  SCV  
  15  1:00  Barracks  
  15  1:06  SCV  
  16  1:18  SCV  
  16  1:19  Refinery  
  17  1:31  SCV  
  18  1:46  Orbital Command  
  18  1:47  Reaper  
  19  1:56  Factory  
  19  2:03  Supply Depot  
  19  2:12  SCV  
  20  2:19  Reaper  
  21  2:24  SCV  
  22  2:36  SCV  
  23  2:40  Cyclone  
  26  2:48  SCV  
  27  2:56  Command Center  
  27  3:00  SCV  
  27  3:09  Supply Depot  
  28  3:12  SCV  
  28  3:14  Cyclone  
  28  3:18  Barracks Reactor  
  31  3:30  SCV  
  31  3:43  SCV  
  31  3:57  SCV, Command Center  
  31  4:00  Barracks Tech Lab  
  32  4:03  Cyclone  
  32  4:08  Orbital Command  
  32  4:09  SCV  
  36  4:19  Marine  
  36  4:21  SCV  
  38  4:33  SCV  
  38  4:35  SCV, Barracks  
  41  4:39  Barracks  
  40  4:46  Factory Reactor  
Tags
 
Add a new tag
Caveats
  • Supply blocks, unpowered buildings, or Contaminate may cause inaccurate times.
  • Supply counts are checked every 10 seconds.